 Dungeon Crawl Stone Soup version 0.30-a0-358-g0d69a1922f (webtiles) character file.

Game seed: 3262477569664597044

93 hikkokomori the Conjurer (level 4, -3/24 HPs)
             Began as a Deep Elf Conjurer on Nov 10, 2022.
             Slain by Grinder the chaos spawn (7 damage)
             ... on level 4 of the Dungeon.
             The game lasted 00:06:19 (3032 turns).

hikkokomori the Conjurer (Deep Elf Conjurer)        Turns: 3032, Time: 00:06:20

Health: -3/24      AC:  4    Str:  4    XL:     4   Next: 36%
Magic:  0/12       EV: 12    Int: 31    God:
Gold:   194        SH:  0    Dex: 13    Spells: 4/11 levels left

rFire   . . .      SeeInvis .    p - +0 sling
rCold   . . .      Faith    +    (no shield)
rNeg    + . .      Spirit   .    a - +0 robe
rPois   .          Reflect  .    (no helmet)
rElec   .          Harm     .    (no cloak)
rCorr   .          Rampage  .    n - +0 pair of gloves
Will    .....                    o - +0 pair of boots
Stlth   ++........               v - amulet of faith
HPRegen 0.24/turn                f - +6 ring of intelligence
MPRegen 0.13/turn                q - ring of positive energy

@: hasted (expiring), very quick
A: no striking features
a: no special abilities


You were on level 4 of the Dungeon.
You visited 1 branch of the dungeon, and saw 4 of its levels.

You collected 194 gold pieces.

Inventory:

Hand Weapons
 p - a +0 sling (weapon)
Armour
 a - a +0 robe (worn)
 n - a +0 pair of gloves (worn)
 o - a +0 pair of boots (worn)
Jewellery
 f - a +6 ring of intelligence (left hand)
 q - a ring of positive energy (right hand)
 v - an amulet of faith (around neck)
Wands
 t - a wand of polymorph (11)
Scrolls
 c - 2 scrolls of enchant weapon {unknown}
 d - 2 scrolls of enchant armour {unknown}
 e - a scroll of fear {unknown}
 i - 4 scrolls of identify {unknown}
 l - a scroll of blinking {unknown}
 s - 2 scrolls of butterflies {unknown}
 u - 2 scrolls of teleportation {unknown}
 w - a scroll of poison {unknown}
Potions
 g - 2 potions of haste
 h - 2 potions of curing {unknown}
 j - 2 potions of cancellation {unknown}
 k - a potion of berserk rage {unknown}
 m - a potion of lignification {unknown}
 r - a potion of flight {unknown}
 x - a potion of heal wounds {unknown}


   Skills:
 - Level 2.4 Dodging
 - Level 2.4 Stealth
 - Level 4.3 Spellcasting
 + Level 5.9 Conjurations
 + Level 0.0 Hexes


You had 4 spell levels left.
You knew the following spells:

 Your Spells              Type           Power      Damage    Failure   Level
a - Magic Dart            Conj           100%       1d8       1%          1
b - Searing Ray           Conj           86%        2d7       1%          2
c - Fulminant Prism       Conj/Hex       12%        3d8       17%         4

Your spell library contained the following spells:

 Spells                   Type           Power      Damage    Failure   Level
 Dazzling Flash           Conj/Hex       50%        N/A       5%          3
 Ensorcelled Hibernation  Hex/Ice        12%        N/A       9%          2
 Passwall                 Tmut/Erth      5%         N/A       9%          2
 Swiftness                Air            6%         N/A       17%         3
 Iskenderun's Mystic Bla  Conj/Tloc      25%        2d7       17%         4


Dungeon Overview and Level Annotations

Branches:
Dungeon (4/15)
 Temple: D:4-7

Altars:
Zin
The Shining One

Annotations:
D:4 Grinder


Message History

Aiming: Fulminant Prism (astonishingly dangerous; 17% risk of failure)
Press: ? - help, Dir - move target, f - Grinder
Aim: Grinder the chaos spawn (heavily wounded)
You can't place the prism on a creature.
Unknown command.
Casting: Fulminant Prism (astonishingly dangerous; 17% risk of failure)
Confirm with . or Enter, or press ? or * to list all spells.
The spell is astonishingly dangerous to miscast (17% risk of failure)!
Continue anyway?
Okay, then.
Casting: Fulminant Prism (astonishingly dangerous; 17% risk of failure)
Confirm with . or Enter, or press ? or * to list all spells.
The spell is astonishingly dangerous to miscast (17% risk of failure)!
Continue anyway?
Aiming: Fulminant Prism (astonishingly dangerous; 17% risk of failure)
Press: ? - help, Dir - move target, p - Grinder You conjure a prism of explosive energy!
A fulminant prism comes into view.
Grinder hits you.
* * * LOW HITPOINT WARNING * * *
You resist with some effort.
Your fulminant prism crackles loudly.
Your extra speed is starting to run out.
Your fulminant prism explodes!
The blast of energy engulfs Grinder!
Grinder is almost dead.
You hear a shout! x2
Casting: Fulminant Prism (astonishingly dangerous; 17% risk of failure)
Confirm with . or Enter, or press ? or * to list all spells.
Aiming: Magic Dart (safe; 1% risk of failure)
Press: ? - help, Shift-Dir - straight line, f - Grinder
Aim: Grinder the chaos spawn (almost dead, 100% to hit)
The magic dart hits Grinder.
Grinder is almost dead.
Unknown command.
You shoot a sling bullet.
The sling bullet hits Grinder but does no damage.
Grinder is almost dead.
Grinder hits you.
* * * LOW HITPOINT WARNING * * *
Grinder shocks you!
You die...

### #.......#
..### #......#
#.4.####.....^#
###...##......#
###.....<...#
###.......##
#.........##
#.#######.4##
#.) #..@# #.#
##..# .. ##..#
#.. ##..# #.#
... #... ...


You could see Grinder the chaos spawn.

Vanquished Creatures
  An adder (D:3)
  4 dart slugs
  5 orcs (D:3)
  5 endoplasms
  6 giant cockroaches
  5 hobgoblins
  3 jackals (D:3)
  5 kobolds
  4 quokkas
  5 ball pythons
  5 bats
  2 frilled lizards
  7 goblins
  5 rats
62 creatures vanquished.

Vanquished Creatures (others)
  4 fulminant prisms (D:4)
4 creatures vanquished.

Grand Total: 66 creatures vanquished

Notes
Turn   | Place    | Note
-------+----------+-------------------------------------------
     0 | D:1      | hikkokomori the Deep Elf Conjurer began the quest for the
                  | Orb.
     0 | D:1      | Reached XP level 1. HP: 10/10 MP: 6/6
   423 | D:1      | Reached XP level 2. HP: 15/15 MP: 4/8
   779 | D:1      | Reached skill level 5 in Conjurations
  1194 | D:1      | Learned a level 2 spell: Searing Ray
  1328 | D:2      | Reached XP level 3. HP: 19/19 MP: 10/10
  1334 | D:2      | Found a faded altar of an unknown god.
  2025 | D:3      | Reached XP level 4. HP: 24/24 MP: 6/12
  2311 | D:3      | Found a glowing silver altar of Zin.
  2758 | D:3      | Found a glowing golden altar of the Shining One.
  2972 | D:4      | Noticed Grinder
  2979 | D:4      | Learned a level 4 spell: Fulminant Prism
  2981 | D:4      | Grinder changed into Grinder the chaos spawn
  2981 | D:4      | Noticed Grinder
  3032 | D:4      | Slain by Grinder the chaos spawn

Illustrated notes

Levels and vault maps discovered:
D:1:      sevenhm_arrival_forest_fort_small_3, layout_basic, serial_forest,
          infiniplex_forest_pool, infiniplex_forest_lined_corner,
          infiniplex_forest_clump_small, infiniplex_forest_straight_1,
          infiniplex_forest_lined_room_, infiniplex_forest_straight_2,
          kennysheep_minor_cross, grunt_decor_cap
D:2:      layout_basic, shapermc_ecumenical_altar_venn
D:3:      layout_basic, lemuel_round_altar, marbit_many_paths,
          kennysheep_flooded_box, st_stairs_13, hangedman_decor_growths,
          amcnicky_mini_pool_small
D:4:      minmay_diamond_boxcup, layout_cave_pods,
          nicolae_qazlal_general_emergency, mainiacjoe_overflow_paths,
          dreamdust_wishing_well, uniq_grinder, uniq_pikel, uniq_menkaure,
          uniq_edmund

Skill      XL: |  1  2  3 |
---------------+----------+-----
Conjurations   | 5 |  5.9
Spellcasting   | 4 |  4.3
Dodging        | |  2.4
Stealth        | |  2.4

Action                   |  1- 3 |  4- 6 || total
-------------------------+-------+-------++-------
Melee: Unarmed           |    22 |       ||    22
       Punch             |     1 |       ||     1
 Fire: Sling             |    90 |    41 ||   131
 Cast: Magic Dart        |    43 |    16 ||    59
       Fulminant Prism   |       |     4 ||     4
       Searing Ray       |       |     2 ||     2
Evoke: Wand              |       |     2 ||     2
  Use: Potion            |       |     2 ||     2
Armor: Robe              |    15 |    17 ||    32
Dodge: Dodged            |    25 |    20 ||    45

Table legend: (Time is in decaauts)
 A = Elapsed time spent in this place.
 B = Non-inter-level travel time spent in this place.
 C = Inter-level travel time spent in this place.
 D = Time resting spent in this place.
 E = Time spent auto-exploring this place.
 F = Levels seen in this place.
 G = Mean time per level.
                   A        B        C        D        E       F      G
               +--------+--------+--------+--------+--------+-----+--------+
         Total |   3069 |   2952 |    117 |      0 |   2504 |   4 |  767.2 |
       Dungeon |   3069 |   2952 |    117 |      0 |   2504 |   4 |  767.2 |
               +--------+--------+--------+--------+--------+-----+--------+

Top non-repeatable levels by time:
     D:1: 1212 daAuts
     D:3: 1076 daAuts
     D:2: 675 daAuts
     D:4: 105 daAuts
